 Dungeon Crawl Stone Soup version 0.13.0-19-g8e0b589 (webtiles) character file.

2027 Malachi the Poker (level 9, -4/72 (73) HPs)
             Began as a Ghoul Fighter on Oct 24, 2013.
             Slain by an orc warrior
             ... wielding a +1,+0 orcish battleaxe
              (23 damage)
             ... on Level 7 of the Dungeon.
             The game lasted 00:13:14 (6145 turns).

Malachi the Poker (Ghoul Fighter)                   Turns: 6145, Time: 00:13:14

HP  -4/72 (73)   AC 16     Str 23      XL: 9   Next:  0%
MP   6/6         EV  5     Int  3      God:
Gold 374         SH 21     Dex 13      Spells:  0 memorised,  8 levels left

Res.Fire  : . . .   See Invis. : .   a - +0 trident
Res.Cold  : + . .   Warding    : .   l - +0 orc chain mail
Life Prot.: + + +   Conserve   : .   t - +0 shield
Res.Poison: +       Res.Corr.  : .   (no helmet)
Res.Elec. : .       Clarity    : .   (no cloak)
Sust.Abil.: . .     Spirit.Shd : .   r - +2 pair of elf gauntlets
Res.Mut.  : .       Stasis     : .   (no boots)
Res.Rott. : +       Flight     : .   (no amulet)
Saprovore : + + +                    x - +3 ring of protection
                                     w - +5 ring of dexterity

@: rotting, slightly resistant to hostile enchantments, extremely unstealthy
A: rotting body, claws 1, carnivore 3, cold resistance 1, life protection 3,
poison resistance, saprovore 3, slow healing 1, torment resistance, unbreathing
a: no special abilities


You were on level 7 of the Dungeon.
You were not hungry.

You visited 2 branches of the dungeon, and saw 9 of its levels.

You collected 354 gold pieces.

Inventory:

Hand weapons
 a - a +0,+0 trident (weapon)
 y - a +0 blowgun
Missiles
 E - 4 poisoned needles
 G - 4 javelins (quivered)
Armour
 b - a +0 scale mail
 c - a +0 shield
 l - a +0 orcish chain mail (worn)
 r - a +2 pair of elven gauntlets (worn)
 t - a +0 shield (worn)
Magical devices
 o - a wand of teleportation (3)
Comestibles
 p - 3 meat rations
 I - a rotting chunk of worker ant flesh
 J - 3 chunks of worker ant flesh
 K - 2 beef jerkies
 L - 9 cheeses
 N - a chunk of worker ant flesh
 O - 2 chunks of kobold flesh
Scrolls
 f - 5 scrolls of identify
 g - a scroll of magic mapping
 i - 5 scrolls of remove curse
 j - a scroll of curse weapon {unknown}
 q - 3 scrolls of curse armour {unknown}
 s - 2 scrolls of noise {unknown}
 z - a scroll of fog {unknown}
 A - a scroll of enchant weapon I {unknown}
 C - a scroll of recharging {unknown}
 H - a scroll of random uselessness {unknown}
 M - a scroll of enchant armour {unknown}
Jewellery
 w - a +5 ring of dexterity (left hand)
 x - a +3 ring of protection (right hand)
 D - a cursed ring of wizardry
Potions
 d - 4 potions of heal wounds
 e - 3 potions of speed {unknown}
 h - a potion of invisibility {unknown}
 k - a potion of curing {unknown}
 m - a potion of confusion {unknown}
 n - a potion of berserk rage {unknown}
 u - a potion of degeneration {unknown}
 v - a potion of slowing {unknown}
 B - a potion of resistance {unknown}
Magical staves
 F - an uncursed staff of conjuration


   Skills:
 + Level 5.2 Fighting
 * Level 6.1 Polearms
 + Level 0.3 Staves
 + Level 5.1 Armour
 + Level 3.8 Dodging
 + Level 5.1 Shields


You had 8 spell levels left.
You didn't know any spells.

Dungeon Overview and Level Annotations

Branches:
Dungeon (8/27)             Temple (1/1) D:6             Orc (0/4) D:8
   Lair: D:8-13

Altars:
Ashenzari
Cheibriados
Elyvilon
Fedhas
Kikubaaqudgha
Makhleb
Nemelex Xobeh
Sif Muna
Trog
Xom
Yredelemnul
Zin
the Shining One

Shops:
D:8 [

Annotations:
D:6 pictorio's ghost, experienced TrMo
D:8 shugdite's ghost, experienced MiFi


Innate Abilities, Weirdness & Mutations

Your body is rotting away.
You have sharp fingernails.
You are carnivorous and can eat meat at any time.
Your flesh is cold resistant.
You are immune to negative energy.
Your system is resistant to poisons.
You thrive on rotten meat.
You heal slowly.
You are immune to unholy pain and torment.
You can survive without breathing.


Message History

Unknown command.
Read which item? (? for menu, Esc to quit)
Okay, then.
Drink which item? (? for menu, Esc to quit)
You feel much better. The orc warrior barely misses you.
You smell something rotten. (slot I)
You hit the orc warrior but do no damage.
The orc warrior barely misses you.
The orc warrior hits you with an orcish battleaxe.
You hit the orc warrior but do no damage.
The orc warrior hits you with an orcish great mace!
You hit the orc warrior.
The orc warrior is lightly wounded.
The orc warrior hits you with an orcish battleaxe!
* * * LOW HITPOINT WARNING * * *
You block the orc warrior's attack.
You hit the orc warrior.
The orc warrior is lightly wounded.
The orc warrior hits you with an orcish battleaxe!
You die...

#####'####..>..........#
#%....#..###########.#
#.....)..#### #.#
#######.....# #.##
#.#####.# #..# #.# #.# ##.#
#.# #.# #.#
###.#####.#########.#######
#..#.......o@o............#
#.#)#####.##########.####.#
#.#.# #.# #.# #.# ##.#.#
#.# #.# #.# #..#.# #.## #.#
#.# #....# #..# #.# #.#
#..### ##.# #.# #.# #[.#
#.#########.####.# #..#
#................#


You could see 2 orc warriors.

Vanquished Creatures
  A hog (D:7)
  A sky beast (D:5)
  A human (D:7)
  A phantom (D:6)
  An ogre (D:4)
  A centaur (D:6)
  Sigmund (D:6)
  3 wights (D:7)
  2 crimson imps (D:7)
  2 hounds
  A jelly (D:7)
  A centaur zombie (D:6)
  An iguana (D:3)
  An orc wizard (D:7)
  An orc priest (D:7)
  6 worker ants
  3 sheep (D:7)
  Ijyb (D:7)
  Jessica (D:3)
  2 hound skeletons
  A mummy (D:7)
  9 gnolls
  10 adders
  2 giant mites
  An inept feature mimic (D:2)
  3 worms
  2 giant eyeballs
  4 giant geckos
  An ooze (D:3)
  8 orcs
  12 bats
  3 giant cockroaches (D:7)
  15 hobgoblins
  7 jackals
  8 kobolds
  A giant newt (D:4)
  8 goblins
  2 hobgoblin skeletons (D:4)
  2 orc skeletons (D:4)
  3 quokkas
  10 rats
144 creatures vanquished.

Vanquished Creatures (others)
  An ogre (D:5)
  A gnoll sergeant (D:5)
  An adder (D:5)
  A hobgoblin (D:5)
4 creatures vanquished.

Grand Total: 148 creatures vanquished

Notes
Turn   | Place    | Note
--------------------------------------------------------------
     0 | D:1      | Malachi, the Ghoul Fighter, began the quest for the Orb.
     0 | D:1      | Reached XP level 1. HP: 19/19 MP: 0/0
   114 | D:1      | Reached XP level 2. HP: 16/26 MP: 1/1
   586 | D:2      | Found an ancient bone altar of Kikubaaqudgha.
   591 | D:2      | Found a glowing golden altar of the Shining One.
   755 | D:2      | Reached XP level 3. HP: 32/32 MP: 2/2
  1368 | D:3      | Reached XP level 4. HP: 22/38 MP: 2/2
  1457 | D:3      | Noticed Jessica
  1465 | D:3      | Killed Jessica
  1517 | D:3      | Found a basalt altar of Yredelemnul.
  1561 | D:3      | Reached XP level 5. HP: 44/46 MP: 3/3
  1728 | D:3      | Reached skill level 1 in Dodging
  1804 | D:3      | Reached skill level 4 in Fighting
  2169 | D:4      | Found a glowing silver altar of Zin.
  2204 | D:4      | Noticed an ogre
  2236 | D:5      | Entered Level 5 of the Dungeon
  2259 | D:5      | Killed an ogre
  2498 | D:5      | Reached XP level 6. HP: 50/52 MP: 4/4
  2874 | D:5      | Found a shimmering altar of Xom.
  2874 | D:5      | Noticed a sky beast
  2900 | D:5      | Killed a sky beast
  3142 | D:4      | Killed an ogre
  3142 | D:4      | Reached XP level 7. HP: 58/58 MP: 4/4
  3822 | D:6      | Noticed Sigmund
  3941 | D:6      | Killed Sigmund
  4000 | D:6      | Paralysed by a giant eyeball for 4 turns
  4004 | D:6      | Found a staircase to the Ecumenical Temple.
  4009 | D:6      | Paralysed by a giant eyeball for 2 turns
  4018 | Temple   | Entered the Ecumenical Temple
  4280 | D:6      | Noticed pictorio's ghost (experienced TrMo)
  4936 | D:7      | Reached skill level 5 in Polearms
  4936 | D:7      | Reached XP level 8. HP: 55/67 MP: 5/5
  4942 | D:7      | Noticed Ijyb
  4965 | D:7      | Killed Ijyb
  5092 | D:7      | Noticed a hog
  5159 | D:7      | Killed a hog
  5159 | D:7      | Reached skill level 5 in Fighting
  5436 | D:7      | Paralysed by a giant eyeball for 2 turns
  5637 | D:6      | Reached skill level 5 in Shields
  5700 | D:6      | Reached skill level 5 in Armour
  5748 | D:6      | Reached skill level 6 in Polearms
  6033 | D:8      | Noticed shugdite's ghost (experienced MiFi)
  6096 | D:8      | Reached XP level 9. HP: 59/72 MP: 6/6
  6125 | D:8      | Found a staircase to the Orcish Mines.
  6127 | D:8      | Found Mexzokas' Armour Boutique.
  6145 | D:7      | Slain by an orc warrior

Action                   |  1- 3 |  4- 6 |  7- 9 || total
-------------------------+-------+-------+-------++-------
Melee: Trident           |   102 |   219 |   535 ||   856
       Staff             |       |       |    11 ||    11
Throw: Javelin           |       |     5 |     4 ||     9
Evoke: Wand              |       |     1 |       ||     1
  Use: Scroll            |       |     1 |     3 ||     4
       Potion            |       |       |     2 ||     2
